 Dungeon Crawl Stone Soup version 0.31-a0-358-gac0dbeb3ab (webtiles) character file.

Game seed: 6552228565844584069

106 bobarctor the Grave Robber (level 4, -2/30 HPs)
             Began as a Demonspawn Necromancer on July 25, 2023.
             Killed by divine providence
             ... invoked by an orc priest
              (16 damage)
             ... on level 3 of the Dungeon.
             The game lasted 00:06:35 (2218 turns).

bobarctor the Grave Robber (Demonspawn Necromancer) Turns: 2218, Time: 00:06:36

Health: -2/30      AC:  2    Str:  8    XL:     4   Next: 55%
Magic:  8/8        EV: 12    Int: 21    God:
Gold:   66         SH:  0    Dex: 13    Spells: 5/9 levels left

rFire   . . .        s - +5 whip "Setilor" {drain, *Noise rCorr Int+2}
rCold   . . .        (no shield)
rNeg    . . .        a - +0 robe
rPois   .            (no helmet)
rElec   .            (no cloak)
rCorr   +            (no gloves)
SInv    .            (no boots)
Will    .....        (no amulet)
Stlth   ++           (no ring)
HPRegen 0.25/turn    (no ring)
MPRegen 0.11/turn

%: no passive effects
@: no status effects
A: spiny 1, demonic magic 1
a: no special abilities


You were on level 3 of the Dungeon.
You visited 1 branch of the dungeon, and saw 3 of its levels.

You collected 66 gold pieces.

Inventory:

Hand Weapons
 c - a +4 quarterstaff
 s - the +5 whip "Setilor" (weapon) {drain, *Noise rCorr Int+2}
   (You found it on level 2 of the Dungeon)

   Int:       It affects your intelligence (+2).
   *Noise:    It may make noises in combat.
   rCorr:     It protects you from acid and corrosion.
Missiles
 o - 16 stones
 v - 4 poisoned darts
Armour
 a - a +0 robe (worn)
Wands
 r - a wand of flame (15)
Scrolls
 d - 3 scrolls of identify {unknown}
 e - 3 scrolls of teleportation {unknown}
 f - a scroll of poison {unknown}
 g - a scroll of enchant armour {unknown}
 j - 2 scrolls of immolation {unknown}
 k - a scroll of amnesia {unknown}
 l - 2 scrolls of noise {unknown}
 p - a scroll of fog {unknown}
Potions
 b - a potion of magic
 h - a potion of haste {unknown}
 i - a potion of heal wounds {unknown}
 m - a potion of invisibility {unknown}
 n - a potion of ambrosia {unknown}
 q - 2 potions of brilliance {unknown}
 t - 2 potions of enlightenment {unknown}
 u - a potion of cancellation {unknown}


   Skills:
 + Level 0.2 Maces & Flails
 + Level 2.0 Dodging
 + Level 2.6 Stealth
 * Level 3.1 Spellcasting
 + Level 5.2 Necromancy


You had 5 spell levels left.
You knew the following spells:

 Your Spells              Type           Power      Damage    Failure   Level
a - Necrotise             Necr           100%       1d9       1%          1
b - Vampiric Draining     Necr           25%        2d7       4%          3

Your spell library contained the following spells:

 Spells                   Type           Power      Damage    Failure   Level
 Animate Dead             Necr           25%        N/A       16%         4
 Agony                    Necr           25%        N/A       38%         5


Dungeon Overview and Level Annotations

Branches:
Dungeon (3/15)

Altars:

Shops:
D:1 =:(

Annotations:
D:3 1 transporter


Innate Abilities, Weirdness & Mutations

You are partially covered in sharp spines.
Spells you cast may paralyse adjacent enemies.


Message History

Confirm with . or Enter, or press ? or * to list all spells.
Aiming: Vampiric Draining (dangerous; 4% risk of failure)
Press: ? - help, Shift-Dir - straight line, f - kobold
Aim: a kobold, wielding a +0 short sword (severely wounded)
You draw life force from the kobold!
You kill the kobold!
Malevolent energies surge around you.
Unknown command.
You start resting.
Magic restored.
You see here a +0 whip.
Things that are here:
a +0 short sword; a kobold corpse HP restored.
An orc comes into view. It is wielding a +0 club.
The orc shouts!
You hear a shout! x3
An orc comes into view. It is wielding a +0 whip.
A gnoll comes into view. It is wielding a +0 flail.
An orc priest comes into view. It is wielding a +0 flail.
The orc misses you.
An orc comes into view. It is wielding a +0 dagger.
The orc shouts!
You hit the orc.
The orc is heavily wounded.
You hear a shout!
The orc is struck by your spines. The orc hits you with a +0 club.
You barely miss the orc.
The orc is almost dead.
The orc is struck by your spines.
You kill the orc!
An orc comes into view. It is wielding a +1 whip of freezing.
The gnoll throws a stone.
The stone closely misses you.
The gnoll throws a stone.
The stone closely misses you.
The orc priest calls down the wrath of Beogh upon you.
Beogh smites you!
Ouch! That really hurt!
The orc priest mumbles some strange prayers to Beogh against you.
Beogh smites you!
Ouch! That really hurt!
You die...

# #...K.........
.... .... ..### #..
#.# ....# ...
....###.# ###.####
.....#... #.....#
#......## ........
#...####......##
.....o.#
#)..)........##
.....g.#
##)#####......#.
.....o.# ###..#
#......)) .....o#
######@..##
#......).
......#####.oo...###
#........
.....o##.o..######
#........
......#..####
####..... ........##
#..... .......##
#..... ......##
#####. .....## ##
######


You could see an orc priest and 2 orcs.

Vanquished Creatures
  An orc priest (D:3)
  3 adders
  A dart slug (D:1)
  2 orcs (D:3)
  A ball python (D:3)
  4 bats
  3 endoplasms (D:1)
  5 giant cockroaches
  2 goblins
  4 hobgoblins
  2 jackals (D:3)
  A quokka (D:3)
  A frilled lizard (D:1)
  7 kobolds
  A rat (D:1)
38 creatures vanquished.

Vanquished Creatures (collateral kills)
  2 goblins (D:3)
2 creatures vanquished.

Grand Total: 40 creatures vanquished

Notes
Turn   | Place    | Note
-------+----------+-------------------------------------------
     0 | D:1      | bobarctor the Demonspawn Necromancer began the quest for
                  | the Orb.
     0 | D:1      | Reached XP level 1. HP: 13/13 MP: 3/3
    39 | D:1      | Found Voerob's Antique Weapon Emporium.
   161 | D:1      | Gained mutation: Spells you cast may paralyse adjacent
                  | enemies. [demonic ancestry]
   161 | D:1      | Reached XP level 2. HP: 19/19 MP: 0/5
   642 | D:1      | Found Wolig's Jewellery Boutique.
   668 | D:1      | Found Eclida's Book Shop.
   695 | D:1      | Found a faded altar of an unknown god.
  1159 | D:2      | Reached skill level 5 in Necromancy
  1159 | D:2      | Reached XP level 3. HP: 24/24 MP: 6/6
  1325 | D:2      | Identified the +5 whip "Setilor" {drain, *Noise rCorr
                  | Int+2}
  1360 | D:2      | Learned a level 3 spell: Vampiric Draining
  1941 | D:3      | Gained mutation: You are partially covered in sharp spines.
                  | [demonic ancestry]
  1941 | D:3      | Reached XP level 4. HP: 30/30 MP: 2/8
  1996 | D:3      | Found a transporter.
  2218 | D:3      | Killed from afar by an orc priest

Illustrated notes

Levels and vault maps discovered:
D:1:      spicycebolla_arrival_transporter_tutorial, layout_loops_ring,
          serial_shops, shop, shop, shop, shapermc_ecumenical_altar_ellora,
          chequers_serial_rivers_large_a, kennysheep_doodads
D:2:      layout_loops_ring, st_stairs_13, kennysheep_crisscross
D:3:      gammafunk_steamed_eel, layout_rooms, tso_metal_star

Skill      XL: |  1  2  3  4 |
---------------+-------------+-----
Stealth        | 2 |  2.6
Necromancy     | 5 |  5.2
Dodging        | 2 |  2.0
Spellcasting   | 3 |  3.1
Maces & Flails | |  0.2

Action                     |  1- 3 |  4- 6 || total
---------------------------+-------+-------++-------
  Melee: Quarterstaff      |    41 |       ||    41
         Whip              |     6 |     6 ||    12
   Cast: Necrotise         |    26 |       ||    26
         Vampiric Draining |       |     1 ||     1
   Stab: Sleeping          |    10 |       ||    10
 Armour: Robe              |     4 |       ||     4
  Dodge: Dodged            |    21 |     6 ||    27

Table legend: (Time is in decaauts)
 A = Elapsed time spent in this place.
 B = Non-inter-level travel time spent in this place.
 C = Inter-level travel time spent in this place.
 D = Time resting spent in this place.
 E = Time spent auto-exploring this place.
 F = Levels seen in this place.
 G = Mean time per level.
                   A        B        C        D        E       F      G
               +--------+--------+--------+--------+--------+-----+--------+
         Total |   2242 |   2078 |    164 |    283 |   1431 |   3 |  747.3 |
       Dungeon |   2242 |   2078 |    164 |    283 |   1431 |   3 |  747.3 |
               +--------+--------+--------+--------+--------+-----+--------+

Top non-repeatable levels by time:
     D:1: 1033 daAuts
     D:2: 888 daAuts
     D:3: 320 daAuts
